 Dungeon Crawl Stone Soup version 0.17-a0-1337-ge651487 (webtiles) character file.

346 nuthulu the Transmogrifier (level 6, 0/38 HPs)
             Began as an Octopode Transmuter on June 10, 2015.
             Slain by a gnoll
             ... wielding a +1 dagger of chaos
              (5 damage)
             ... on level 3 of the Dungeon.
             The game lasted 00:11:40 (3038 turns).

nuthulu the Transmogrifier (Octopode Transmuter)    Turns: 3038, Time: 00:11:40

Health: 0/38       AC:  5    Str:  9    XL:     6   Next: 59%
Magic:  12/18      EV: 12    Int: 17    God:
Gold:   160        SH:  0    Dex: 13    Spells: 2 memorised, 17 levels left

rFire  . . .     SeeInvis .       - Unarmed
rCold  . . .     Clarity  .     (no shield)
rNeg   . . .     SustAt   .     (helmet restricted)
rPois  .         Gourm    +     l - amulet of the gourmand
rElec  .         Spirit   .     g - ring of flight
rCorr  .         Warding  .     k - +4 ring of protection
rMut   .         Stasis   .     (no ring)
MR     .....                    (no ring)
Stlth  +++++.....               (no ring)
                                (no ring)
                                (no ring)
                                (no ring)

@: appendage, very slightly contaminated, hasted, very quick, not resistant to
hostile enchantments, quite stealthy
A: almost no armour, amphibious, 8 rings, constrict 8, tentacle spike 3,
camouflage 1, high mp 1, mutation resistance 1, gelatinous body 1
a: End Transformation, Evoke Flight


You were on level 3 of the Dungeon.
You were not hungry.
One of your tentacles had a temporary spike.
You visited 1 branch of the dungeon, and saw 3 of its levels.

You collected 160 gold pieces.

Inventory:

Missiles
 a - 12 arrows
Jewellery
 g - a ring of flight (left tentacle)
 k - a +4 ring of protection (right tentacle)
 l - an amulet of the gourmand (around mantle)
Scrolls
 f - 2 scrolls of remove curse
Potions
 e - a potion of brilliance
Books
 b - a book of Changes

   Spells                             Type                      Level
   a - Beastly Appendage              Transmutation                1
   b - Sticks to Snakes               Transmutation                2
   c - Spider Form                    Transmutation/Poison         3
   d - Ice Form                       Ice/Transmutation            4
   e - Blade Hands                    Transmutation                5
 h - a book of the Earth

   Spells                             Type                      Level
   a - Leda's Liquefaction            Hexes/Earth                  4
   b - Bolt of Magma                  Conjuration/Fire/Earth       5
   c - Statue Form                    Transmutation/Earth          6
   d - Iron Shot                      Conjuration/Earth            6
   e - Shatter                        Earth                        9
Comestibles
 c - 3 bread rations
 d - a meat ration
 i - 4 fruits


   Skills:
 - Level 1.0 Fighting
 - Level 2.0 Dodging
 - Level 7.4 Stealth
 - Level 3.0 Unarmed Combat
 + Level 8.0 Spellcasting
 + Level 8.7 Transmutations


You had 17 spell levels left.
You knew the following spells:

 Your Spells              Type           Power        Failure   Level  Hunger
a - Beastly Appendage     Trmt           #####.       1%          1    None
b - Spider Form           Trmt/Pois      ###.......   8%          3    #......


Dungeon Overview and Level Annotations

Branches:
Dungeon (3/15)

Altars:


Innate Abilities, Weirdness & Mutations

You cannot wear most types of armour.
You are amphibious.
You can wear up to eight rings at the same time.
You can use your tentacles to constrict eight enemies at once.
Your skin changes colour to match your surroundings (Stealth).
Your rubbery body absorbs attacks (AC +1).
One of your tentacles bears a large vicious spike.
You have an increased reservoir of magic (+10% MP).
You are somewhat resistant to further mutation.


Message History

Unknown command.
You closely miss something. Your squeeze misses something. Something hits you.
* * * LOW HITPOINT WARNING * * *
Unknown command.
You barely miss something.
Your tentacle spike misses something.
You squeeze something.
Reactivating autopickup.
You feel a bit more experienced.
Unknown command.
You tentacle-slap the gnoll but do no damage.
You grab the gnoll.
You pierce the gnoll, but do no damage.
You squeeze the gnoll.
The gnoll is heavily wounded.
You constrict the gnoll, but do no damage.
Unknown command.
You tentacle-slap the gnoll.
You pierce the gnoll.
The gnoll is severely wounded.
You constrict the gnoll, but do no damage.
The gnoll hits you with a dagger of chaos.
You die...

..........# .#
......#.##### ###.
......#.###.## #.#.
#######.##...### ...
#..............## ..# .
#.####.###...#.##g###..##.#
#.####.#
##.##.##.o.o.....#.
.....#.# #.##.#####........
#.##.#.# #.##..@g.....#..#.
#.##.#.# #.########.......
#.##>#(# #.##............#
#.##.#.## #............#.##
#.......######†#####.###.#
######.†.............# #
#..###.#####....# #..# #.#
#### #..# #.#


You could see a gnoll.

Vanquished Creatures
  A worker ant (D:3)
  An orc wizard (D:3)
  5 adders
  2 oozes
  4 worms
  2 giant geckos
  6 orcs (D:3)
  9 goblins
  7 hobgoblins
  8 jackals (D:1)
  A quokka (D:2)
  A ball python (D:1)
  5 bats
  3 giant cockroaches
  5 giant newts
  3 kobolds
  9 rats
72 creatures vanquished.

Vanquished Creatures (others)
  4 toadstools (D:1)
4 creatures vanquished.

Grand Total: 76 creatures vanquished

Notes
Turn   | Place    | Note
--------------------------------------------------------------
     0 | D:1      | nuthulu the Octopode Transmuter began the quest for the Orb.
     0 | D:1      | Reached XP level 1. HP: 13/13 MP: 3/3
   258 | D:1      | Reached XP level 2. HP: 11/18 MP: 3/5
   689 | D:1      | Reached XP level 3. HP: 23/23 MP: 5/7
   702 | D:1      | Learned a level 3 spell: Spider Form
   874 | D:1      | Gained mutation: You are somewhat resistant to further mutation. [potion of mutation]
   874 | D:1      | Gained mutation: You have an increased reservoir of magic (+10% MP). [potion of mutation]
  1770 | D:2      | Reached XP level 4. HP: 28/28 MP: 7/9
  2495 | D:3      | Reached XP level 5. HP: 31/33 MP: 9/11
  3009 | D:3      | Reached skill level 4 in Transmutations
  3031 | D:3      | Reached skill level 7 in Stealth
  3031 | D:3      | Reached skill level 8 in Spellcasting
  3031 | D:3      | Reached XP level 6. HP: 8/38 MP: 12/18
  3038 | D:3      | Slain by a gnoll

Vault maps used:
D:1:      ldierk_walled_garden_2
D:2:      first_bread, minmay_liquid_box
D:3:      nicolae_overflow_hidden_temple, tgw_xom

Action                   |  1- 3 |  4- 6 || total
-------------------------+-------+-------++-------
Melee: Unarmed           |    81 |   115 ||   196
 Cast: Beastly Appendage |    21 |    18 ||    39
  Use: Scroll            |     7 |     1 ||     8
       Potion            |     1 |     2 ||     3
 Stab: Sleeping          |     1 |     4 ||     5
       Distracted        |     1 |       ||     1
  Eat: Chunk             |     3 |    10 ||    13
